 Dungeon Crawl Stone Soup version 0.31-a0-799-g6bc09d010c (webtiles) character file.

Game seed: 9674688568562507748

1810169 EnegeticOcto the Wild Ogre (level 27, 370/370 (383) HPs)
             Began as an Ogre Berserker on Sept 18, 2023.
             Was a High Priest of Trog.
             Escaped with the Orb
             ... and 3 runes on Sept 19, 2023!
             The game lasted 01:40:21 (60162 turns).

EnegeticOcto the Wild Ogre (Ogre Berserker)        Turns: 60162, Time: 01:40:22

HP:   370/370 (383) AC: 38    Str: 29    XL:     27
MP:   37/37         EV: 33    Int:  8    God:    Trog [*****.]
Gold: 6283          SH: 21    Dex: 20    Spells: 26/26 levels left

rFire   + + .        a - +9 broad axe (freeze)
rCold   + . .        V - +5 kite shield of Goweud {rPois Dex+2 Stlth-}
rNeg    + . .        f - melded +5 robe "Anlol" {rC+ Regen+}
rPois   ∞            D - +2 hat
rElec   +            w - scarf {rC+ rF+}
rCorr   .            (gloves unavailable)
SInv    +            (boots unavailable)
Will    ++...        G - amulet "Ref Jexo" {Acrobat rF+ Regen+}
Stlth   +            s - +4 ring of protection
HPRegen 1.61/turn    b - ring of the Hare {EV+10}
MPRegen 0.25/turn

%: acrobat
@: statue-form, studying Translocations, lightly drained, very slow
A: slow and powerful, torment resistance 1, boosted hp, large, unfitting armour,
(tough skin 1), claws 1, see invisible
0: Orb of Zot
}: 3/15 runes: decaying, serpentine, silver
a: Begin Untransformation, Renounce Religion, Berserk, Trog's Hand, Brothers in
Arms


You escaped.
You worshipped Trog.
Trog was extremely pleased with you.
You were a living statue of rough stone.
You visited 10 branches of the dungeon, and saw 49 of its levels.
You visited the Abyss 1 time.
You also visited: Ossuary, Bailey, Ice Cave, Wizlab and Desolation.

You collected 9209 gold pieces.
You spent 2926 gold pieces at shops.

Inventory:

Hand Weapons
 a - a +9 broad axe of freezing (weapon)
   (You found it on level 2 of the Lair of Beasts)
 N - a +1 hand axe of distortion
   (You took it off a naga on level 2 of the Snake Pit)
Missiles
 e - 4 throwing nets {!f}
 k - 57 large rocks
 y - 47 boomerangs (quivered)
 A - 17 curare-tipped darts
 W - 14 javelins
Armour
 f - the +5 robe "Anlol" (melded) {rC+ Regen+}
   (You acquired it on level 4 of the Lair of Beasts)

   rC+:       It protects you from cold.
   Regen+:    It increases your rate of health regeneration.
 w - a scarf of resistance (worn)
   (You found it on level 5 of the Dungeon)
 D - a +2 hat (worn)
   (You found it on level 2 of the Crypt)
 I - +3 gold dragon scales
   (You found it on level 5 of the Realm of Zot)
 V - the +5 kite shield of Goweud (worn) {rPois Dex+2 Stlth-}
   (You acquired it on level 4 of the Lair of Beasts)

   Dex+2:     It affects your dexterity (+2).
   rPois:     It protects you from poison Stlth-: It makes you less stealthy.
Jewellery
 b - the ring of the Hare (right claw) {EV+10}
   (You found it on level 3 of the Vaults)

   [ring of evasion]

   EV+10:     It affects your evasion (+10).
 h - the macabre finger necklace {Finger+ rN+}
   (You found it on level 13 of the Dungeon)

   [amulet of nothing]

   Finger+:   It enables you to equip an extra ring.
   rN+:       It protects you from negative energy.
 s - a +4 ring of protection (left claw)
   (You bought it in a shop on level 3 of the Elven Halls)
 G - the amulet "Ref Jexo" (around neck) {Acrobat rF+ Regen+}
   (You found it in the Desolation of Salt)

   [amulet of the acrobat]

   Acrobat:   It increases your evasion while moving and waiting.
   rF+:       It protects you from fire.
   Regen+:    It increases your rate of health regeneration.
Wands
 u - a wand of mindburst (57)
   (You took it off Ijyb on level 5 of the Dungeon)
 v - a wand of iceblast (46) {@v2}
   (You found it on level 5 of the Dungeon)
 S - a wand of polymorph (36)
   (You took it off a kobold in a bailey)
 T - a wand of acid (21) {@v1}
   (You found it on level 4 of the Lair of Beasts)
 X - a wand of charming (46)
   (You found it on level 9 of the Dungeon)
 Z - a wand of digging (28) {@v3}
   (You found it on level 11 of the Dungeon)
Scrolls
 j - a scroll of silence {!r}
 l - 21 scrolls of teleportation {@r3 !r}
 n - 11 scrolls of fog {!r}
 r - 4 scrolls of butterflies
 x - 9 scrolls of fear {!r}
 J - 3 scrolls of torment
 K - 8 scrolls of poison
 L - a scroll of revelation {@r5 !r}
 M - 6 scrolls of immolation
 Q - 8 scrolls of vulnerability
 U - a scroll of enchant weapon
 Y - 5 scrolls of blinking {@r4}
Potions
 c - 7 potions of haste {@q4 !q}
 g - 10 potions of might {@q3 !q}
 i - a potion of cancellation
 m - 27 potions of curing {@q1 !q}
 o - 7 potions of invisibility
 q - 2 potions of resistance
 z - 10 potions of lignification {@q6}
 B - 7 potions of enlightenment
 C - 3 potions of berserk rage
 E - 8 potions of ambrosia
 F - 8 potions of magic
 O - 17 potions of heal wounds {@q2 !q}
 R - 5 potions of attraction
Miscellaneous
 p - a sack of spiders (inert)
   (You found it on level 9 of the Dungeon)
 t - a tin of tremorstones (2/2)
   (You found it in the Desolation of Salt)
 H - a phial of floods
   (You found it in an ice cave)
 P - a lightning rod (4/4)
   (You found it on level 7 of the Dungeon)


   Skills:
 - Level 20.9 Fighting
 - Level 20.0 Axes
 - Level 16.0 Throwing
 + Level 19.4 Dodging
 - Level 2.0 Stealth
 - Level 20.0 Shields
 - Level 21.0 Invocations
 - Level 9.0 Evocations
 - Level 20.9 Shapeshifting


You had 26 spell levels left.
You didn't know any spells.
Your spell library was empty.

Dungeon Overview and Level Annotations

Branches:
Dungeon (15/15)            Temple (0/1) D:7            Lair (4/5) D:8
  Swamp (4/4) Lair:3        Snake (4/4) Lair:3        Slime (0/5) Lair:4
    Orc (2/2) D:9             Elf (3/3) Orc:2        Vaults (5/5) D:14
  Crypt (3/3) Vaults:3       Tomb (0/3) Crypt:3      Depths (4/4) D:15
    Zot (5/5) Depths:4    Ossuary (visited)          Bailey (visited)
  IceCv (visited)          WizLab (visited)         Desolation (visited)

Altars:
Cheibriados
Elyvilon
Gozag
Hepliaklqana
Kikubaaqudgha
Okawaru
Qazlal
Ru
Sif Muna
Wu Jian
Yredelemnul
Zin
The Shining One
Jiyva

Shops:
D:5 :   D:11 *   Orc:2 *[[(   Elf:1 (   Elf:2 !   Elf:3 =::   Snake:2 [:*[(=*
Vaults:1 *   Vaults:2 [   Vaults:4 (   Depths:3 :   Depths:4 *

Portals:
Hell: Depths:1 Depths:2 Depths:3 Depths:4
Abyss: Depths:2 Depths:3
Pandemonium: Depths:2
Ziggurat: Depths:4
Trove: Depths:4 (give +3 gold dragon scales)

Annotations:
Lair:2 3 runed translucent doors, exclusion: 3 doors, dittoslash's ghost, journeyman TrFi
Elf:2 3 runed translucent doors, exclusion: door
Depths:3 2 transporters, exclusion: orange crystal statue
Depths:4 3 runed translucent doors, exclusion: obsidian statue, niknal's ghost, veteran TeWr
Zot:5 2 exclusions


Innate Abilities, Weirdness & Mutations

You are a living statue of rough stone.
Your actions are slow, but your melee attacks are powerful.
You are resistant to unholy torment.
Your maximum health is greatly increased.
Your equipment is partially melded.
You are too large for most types of armour.
You are immune to poison.
((You have tough skin. (AC +1)))
You have sharp fingernails.
You have supernaturally acute eyesight. (SInv)


Message History

Where to? (Tab/Enter - D:1, ? - help)
Your skin stops crawling.
You feel less strong-willed.
There is a stone staircase leading down here.
There is a stone staircase leading up here.
You climb upwards.
There is a stone staircase leading down here.
There is a stone staircase leading up here.
You climb upwards.
There is a stone staircase leading down here.
A profane servitor comes into view. It is wielding a +3 whip.
There is a stone staircase leading up here.
You climb upwards.
There is a stone staircase leading down here.
(D) Dungeon (T) Temple (L) Lair (S) Swamp (P) Snake Pit (M) Slime Pits (O) Orcish Mines (E) Elven Halls (V) Vaults (C) Crypt (W) Tomb (U) Depths (H) Hell (Z) Zot
Where to? (Tab/Enter - D:1, ? - help)
There is a stone staircase leading up here.
You climb upwards.
There is a stone staircase leading down here.
You see here a +0 pair of gloves.
There is a stone staircase leading up here.
You climb upwards.
There is a stone staircase leading down here.
There is a stone staircase leading up here.
You climb upwards.
There is a stone staircase leading down here.
There is an open door here.
HP restored.
There is a stone staircase leading up here.
You climb upwards.
There is a stone staircase leading down here.
There is a stone staircase leading up here.
You climb upwards.
There is a stone staircase leading down here.
Things that are here:
a +0 spear; a +0 leather armour
There is a stone staircase leading up here.
You climb upwards.
There is a stone staircase leading down here.
You see here a +0 plate armour.
An Orb Guardian comes into view.
There is a stone staircase leading up here.
You climb upwards.
There is a stone staircase leading down here.
(D) Dungeon (T) Temple (L) Lair (S) Swamp (P) Snake Pit (M) Slime Pits (O) Orcish Mines (E) Elven Halls (V) Vaults (C) Crypt (W) Tomb (U) Depths (H) Hell (Z) Zot
Where to? (Tab/Enter - D:1, ? - help)
There is a stone staircase leading up here.
You climb upwards.
There is a stone staircase leading down here.
(D) Dungeon (T) Temple (L) Lair (S) Swamp (P) Snake Pit (M) Slime Pits (O) Orcish Mines (E) Elven Halls (V) Vaults (C) Crypt (W) Tomb (U) Depths (H) Hell (Z) Zot
Where to? (Tab/Enter - D:1, ? - help) You're already here!
You drop a scroll of teleportation {@r3 !r}.
You don't know any spells.
Unknown command.
An Orb Guardian comes into view.
You closely miss the Orb Guardian. The Orb Guardian closely misses you.
You hit the Orb Guardian. You freeze the Orb Guardian.
The Orb Guardian is lightly wounded.
You block the Orb Guardian's attack. x2
You slice the Orb Guardian!! You freeze the Orb Guardian.
The Orb Guardian is moderately wounded.
The Orb Guardian hits you!
You barely miss the Orb Guardian.
The Orb Guardian is moderately wounded.
You block the Orb Guardian's attack. x2
You barely miss the Orb Guardian.
The Orb Guardian is moderately wounded.
You block the Orb Guardian's attack.
You hit the Orb Guardian. You freeze the Orb Guardian.
The Orb Guardian is moderately wounded.
The Orb Guardian completely misses you. The Orb Guardian barely misses you.
You slice the Orb Guardian!! You freeze the Orb Guardian.
The Orb Guardian is severely wounded.
The Orb Guardian completely misses you. The Orb Guardian hits you.
You chop the Orb Guardian into pieces!!!
You freeze the Orb Guardian.
You kill the Orb Guardian!
Trog accepts your kill.
No target in view!
No target in view!
No target in view!
No target in view!
No target in view!
(D) Dungeon (T) Temple (L) Lair (S) Swamp (P) Snake Pit (M) Slime Pits (O) Orcish Mines (E) Elven Halls (V) Vaults (C) Crypt (W) Tomb (U) Depths (H) Hell (Z) Zot
Where to? (Tab/Enter - D:1 @ (x,y), ? - help) HP restored.
There is a staircase leading out of the dungeon here.
You have escaped!

#### #..###.##### #..........##
####### #.#######...# #.)...#
#.#.........# #.....#
#...#.....#.# #.....#
##..#.....#.# #.....#
##.#.....#.# #.....# #.#.....#.#
###.### #.#..8..#.# ......#
#.#.....#.# ###.#.# #.#.....#.#
###.#.# #.#.....#.# ....#.#
#.#.....#.# #####
......######.........####...###
................#######...#...###
.......########## ####...#.....#
.......# #....#####...#


There were no monsters in sight!

Vanquished Creatures
  4 dread liches (Zot:5)
  6 ancient liches
  4 orbs of fire
  Mennas (Crypt:2)
  Mara (Depths:1)
  2 shard shrikes (Depths:1)
  Boris (thrice) (Crypt:3 Depths:1 Vaults:5)
  Vv (Zot:2)
  5 Killer Klowns (Zot:5)
  A curse toe (Zot:5)
  8 golden dragons
  A profane servitor (Crypt:3)
  5 bone dragons
  A pearl dragon (Depths:3)
  2 electric golems (Zot:5)
  A Tzitzimitl (Depths:1)
  A doom hound (Crypt:3)
  A Brimstone Fiend (Depths:4)
  A shard shrike zombie (Crypt:1)
  Jorgrun (Snake:1)
  10 tentacled monstrosities
  2 hellephants (Depths:1)
  A Hell Sentinel (Zot:2)
  29 Orb Guardians
  2 Ice Fiends
  3 liches
  Grunn (Crypt:3)
  4 titans (Vaults:5)
  2 deep elf blademasters (Elf:3)
  2 deep elf master archers (Elf:3)
  6 sphinxes
  An Executioner (WizLab)
  4 quicksilver dragons
  8 ancient champions
  An eldritch tentacle (WizLab)
  A death cob (Zot:2)
  A thorn hunter (Swamp:4)
  A tentacled starspawn (Abyss:2)
  Kirke (D:12)
  Frances (D:13)
  Donald (Swamp:4)
  5 tengu reavers
  11 storm dragons
  10 shadow dragons
  2 revenants
  2 daevas (Depths:4)
  8 nagarajas
  Roxanne (Swamp:4)
  A demonspawn warmonger (Depths:4)
  3 frost giants
  4 fire giants
  A fenstrider witch (Swamp:1)
  A draconian knight (Zot:3)
  3 deep elf sorcerers
  6 draconian monks
  A balrug (Depths:4)
  A ghost moth (Zot:4)
  2 imperial myrmidons (Desolation)
  12 vault wardens
  4 draconian shifters
  A deep elf elementalist (Elf:3)
  13 ghouls
  3 curse skulls
  3 draconian scorchers
  4 orc warlords
  3 draconian annihilators (Depths:4)
  An iron dragon (Vaults:5)
  2 juggernaut zombies (Depths:2)
  2 spriggan defenders (Depths:2)
  2 angels (Vaults:4)
  12 very ugly things
  14 ironbound preservers
  2 reapers
  6 ironbound thunderhulks
  A draconian stormcaller (Zot:1)
  An ophan (Depths:3)
  2 caustic shrike skeletons
  2 war gargoyles (Vaults:5)
  7 stone giants
  An apis (Depths:3)
  15 green draconians
  8 deep elf demonologists
  3 eleionomae
  14 white draconians
  A formless jellyfish (Vaults:1)
  7 black draconians
  13 vampire knights
  6 bunyips
  10 dire elephants (Vaults:1)
  5 purple draconians
  2 spark wasps (Depths:2)
  4 halazid warlocks (Desolation)
  11 red draconians
  4 yellow draconians
  6 deep elf annihilators (Elf:3)
  6 eidola
  Josephine (D:11)
  6 crystal guardians
  11 ettins
  7 deep elf death magi
  15 yaktaur captains
  6 fire dragons
  5 great orbs of eyes
  4 entropy weavers
  4 ragged hierophants (Desolation)
  4 deep elf high priests
  3 shambling mangroves
  8 ice dragons
  27 jiangshi
  A spectral spriggan (Crypt:3)
  An elf skeleton (Crypt:1)
  3 rakshasas
  13 peacekeepers
  A merfolk impaler (Depths:1)
  Fannar (Orc:1)
  27 vault guards
  2 salamander tyrants (Snake:3)
  A hell beast (Depths:1)
  5 servants of whispers (Desolation)
  17 alligators
  3 spriggan air magi
  5 ghost crabs
  16 hydras
  A quicksilver dragon skeleton (Depths:2)
  An ogre mage (D:14)
  6 centaur warriors
  2 spriggan skeletons
  18 anacondas
  8 two-headed ogres
  A fenstrider witch skeleton (Abyss:2)
  5 ironbound frosthearts
  4 boulder beetles
  5 death knights
  7 deep troll shamans
  3 tengu warriors
  4 deep troll earth magi
  6 death yaks
  A sphinx skeleton (Depths:2)
  20 naga warriors
  8 vampire magi
  Urug (Orc:1)
  3 orc high priests
  12 dancing weapons
  2 hell knights
  3 thrashing horrors
  3 spriggan berserkers
  6 naga sharpshooters
  A storm dragon zombie (Crypt:1)
  3 sun demons
  12 deep elf knights
  4 soul eaters
  7 shock serpents
  A titan skeleton (Depths:2)
  4 sixfirhies
  A skyshark (Lair:4)
  A fire crab (Lair:2)
  4 shadow wraiths
  A fire crab (shapeshifter) (Vaults:5)
  Amaemon (Lair:3)
  12 iron trolls
  A death drake (shapeshifter) (Depths:3)
  A spatial maelstrom (Abyss:2)
  3 spriggan druids
  3 swamp dragons
  4 goliath frogs
  2 shadow demons
  3 glowing orange brains
  3 sea snakes (Snake:4)
  3 death drakes
  The ghost of paps the Sneak, a novice OpFi of Gozag (D:7)
  A tengu zombie (Depths:2)
  3 spectral hydras (Swamp:4)
  35 skeletal warriors
  A spriggan simulacrum (Crypt:3)
  10 bog bodies
  Lodul (D:14)
  49 deep trolls
  19 ironbound convokers
  A shadow dragon zombie (Depths:2)
  5 naga ritualists
  12 deep elf archers
  7 flayed ghosts
  11 large abominations
  An iron giant skeleton (Crypt:2)
  An obsidian statue (WizLab)
  14 phantasmal warriors
  5 harpies (Vaults:1)
  36 deep elf zephyrmancers
  2 alligator zombies (Swamp:4)
  5 lindwurms
  22 deep elf pyromancers
  3 necromancers
  8 orc knights
  12 wizards
  A stone giant zombie (Crypt:1)
  10 mana vipers
  A mana viper (shapeshifter) (Depths:3)
  6 orc sorcerers
  A will-o-the-wisp (Swamp:2)
  34 ugly things
  2 tengu skeletons (Depths:2)
  A wolf spider (shapeshifter) (Depths:3)
  An eleionoma zombie (Crypt:2)
  2 manticores
  6 cyclopes
  3 rust devils
  12 salamanders
  A worldbinder (WizLab)
  4 elephants
  A fire giant zombie (Depths:2)
  18 moths of wrath
  14 naga magi
  36 black mambas
  12 guardian serpents
  Maurice (Orc:1)
  A torpor snail (shapeshifter) (D:15)
  4 smoke demons
  3 gargoyles
  5 cane toads
  3 orange demons
  22 vault sentinels
  4 centaur skeletons (D:14)
  2 molten gargoyles (Desolation)
  A dire elephant skeleton (Crypt:2)
  2 spriggan zombies (Depths:2)
  4 rime drakes
  An unseen horror (D:11)
  Maggie (Lair:2)
  A minotaur zombie (Crypt:1)
  12 freezing wraiths
  2 naga skeletons
  5 swamp worm zombies (Swamp:4)
  4 kobold demonologists
  12 komodo dragons
  A komodo dragon (shapeshifter) (Vaults:5)
  A tengu conjurer (Depths:4)
  56 yaktaurs
  3 ancient zymes (WizLab)
  3 ice devils
  A red draconian skeleton (Crypt:2)
  3 red devils
  5 hydra zombies (Swamp:4)
  A death drake zombie (Crypt:1)
  A polar bear (Lair:2)
  A harpy zombie (Crypt:1)
  A meliai (shapeshifter) (Vaults:5)
  9 trolls
  9 tyrant leeches
  4 hellwings
  17 hornets
  4 raiju (Abyss:2)
  47 saltlings (Desolation)
  A harpy skeleton (Crypt:1)
  5 dream sheep (Lair:4)
  Grinder (D:3)
  33 blink frogs
  An ettin zombie (Depths:2)
  62 flying skulls
  39 slime creatures
  4 spectral swamp dragons (Swamp:4)
  8 air elementals
  A culicivora (Vaults:4)
  16 spriggans
  12 yaks
  16 water elementals
  3 shadows
  13 wraiths
  3 wyverns
  2 dire elephant simulacra (Crypt:1)
  2 ynoxinuls
  7 basilisks
  4 hogs (D:12)
  6 fire elementals
  6 starcursed masses (Abyss:2)
  3 steam dragons
  2 redbacks
  13 vampire mosquitoes
  5 chaos spawn
  6 wargs
  A death yak simulacrum (IceCv)
  A harpy simulacrum (Crypt:1)
  2 spatial vortices (WizLab)
  2 acid dragons (D:10)
  A glowing shapeshifter zombie (Crypt:2)
  39 nagas
  15 swamp worms
  12 small abominations
  A glowing shapeshifter skeleton (Depths:2)
  16 water moccasins
  Duvessa (D:5)
  2 swamp drakes (Swamp:2)
  60 orc warriors
  A water nymph skeleton (Crypt:1)
  A meliai simulacrum (D:15)
  2 black bears
  6 boggarts
  21 ogres
  2 swamp dragon zombies (Swamp:4)
  22 wolves
  3 phantoms
  7 centaurs
  18 kobold brigands
  10 necrophages
  A fire crab zombie (Crypt:2)
  17 bullfrogs
  5 scorpions
  3 earth elementals
  A yaktaur skeleton (Crypt:2)
  A water moccasin zombie (Ossuary)
  A draconian skeleton (Crypt:1)
  11 wights
  Dowan (D:5)
  3 killer bees (D:9)
  2 electric eels
  4 howler monkeys
  3 centaur zombies (Ossuary)
  A bullfrog zombie (Ossuary)
  2 human zombies (Ossuary)
  6 jellies
  25 orc priests
  6 hounds
  Jessica (D:3)
  Ijyb (D:5)
  Terence (D:3)
  A scorpion zombie (Ossuary)
  2 sleepcaps
  A spectral swamp drake (Swamp:4)
  19 orc wizards
  2 wolf simulacra (IceCv)
  An ogre zombie (Ossuary)
  An ogre skeleton (Crypt:1)
  5 gnolls
  8 adders
  A howler monkey skeleton (Crypt:2)
  2 shadow imps (D:10)
  A white imp (D:5)
  4 ufetubi
  3 adder zombies (Ossuary)
  An iguana skeleton (Crypt:1)
  6 dart slugs
  113 orcs
  7 bats
  6 endoplasms
  A giant cockroach (D:3)
  3 gnoll zombies (Ossuary)
  11 goblins
  11 hobgoblins
  3 jackals (D:1)
  4 quokkas
  7 ball pythons
  A ball python zombie (Crypt:1)
  A frilled lizard (D:1)
  4 goblin zombies (Ossuary)
  2 hobgoblin zombies (Ossuary)
  60 kobolds
  11 kobold skeletons (D:10)
  7 kobold zombies (D:10)
  An orc zombie (Ossuary)
  4 rats
  A spectral hobgoblin (D:4)
  A spectral weapon (Zot:5)
  A starspawn tentacle (Abyss:2)
2431 creatures vanquished.

Vanquished Creatures (collateral kills)
  A Tzitzimitl (D:13)
  Agnes (D:15)
  An eidolon (Crypt:2)
  A bunyip (Swamp:4)
  A moth of wrath (Zot:4)
  An ice devil (D:13)
  A red devil (D:15)
  A wolf zombie (Crypt:2)
8 creatures vanquished.

Vanquished Creatures (others)
  A lich (Vaults:5)
  A death cob (Zot:4)
  A deep elf knight (Elf:2)
  A sixfirhy (D:15)
  A deep elf zephyrmancer (Elf:2)
  6 bloated husks
  A spriggan (Swamp:1)
  A water elemental (D:13)
  A naga (Snake:2)
  2 phantoms (Swamp:4)
  A gnoll (D:5)
  A quokka (Depths:2)
  2 foxfires (Swamp:2)
  2 starspawn tentacles (Abyss:2)
22 creatures vanquished.

Grand Total: 2461 creatures vanquished

Notes
Turn   | Place    | Note
-------+----------+-------------------------------------------
     0 | D:1      | EnegeticOcto the Ogre Berserker began the quest for the
                  | Orb.
     0 | D:1      | Reached XP level 1. HP: 24/24 MP: 1/1
   156 | D:1      | Reached skill level 1 in Stealth
   207 | D:1      | Reached XP level 2. HP: 30/32 MP: 2/2
   472 | D:1      | Reached skill level 2 in Stealth
   564 | D:1      | Reached XP level 3. HP: 39/39 MP: 3/3
  1046 | D:2      | Reached ** piety under Trog
  1700 | D:2      | Reached XP level 4. HP: 49/49 MP: 4/4
  1960 | D:3      | Noticed Grinder
  1984 | D:3      | Killed Grinder
  1985 | D:3      | Reached skill level 6 in Fighting
  1985 | D:3      | Reached skill level 4 in Axes
  1985 | D:3      | Reached XP level 5. HP: 43/59 MP: 5/5
  1985 | D:3      | Reached XP level 6. HP: 49/67 MP: 6/6
  2143 | D:3      | Noticed Jessica
  2147 | D:3      | Killed Jessica
  2184 | D:3      | Found a snail-covered altar of Cheibriados.
  2460 | D:3      | Noticed Terence
  2474 | D:3      | Killed Terence
  2475 | D:3      | Reached skill level 5 in Axes
  2875 | D:4      | Reached skill level 7 in Fighting
  3111 | D:4      | Reached XP level 7. HP: 53/78 MP: 7/7
  3273 | D:4      | Reached skill level 6 in Axes
  3382 | D:4      | Reached skill level 8 in Fighting
  3526 | D:4      | Found a glowing silver altar of Zin.
  3633 | D:4      | Reached *** piety under Trog
  3774 | D:4      | Found a hazy altar of Hepliaklqana.
  3878 | D:4      | Reached XP level 8. HP: 89/89 MP: 8/8
  4116 | D:5      | Entered Level 5 of the Dungeon
  4139 | D:5      | Reached skill level 9 in Fighting
  4243 | D:5      | Noticed Duvessa
  4250 | D:5      | Reached skill level 7 in Axes
  4264 | D:5      | Noticed Dowan
  4272 | D:5      | Killed Dowan
  4274 | D:5      | Killed Duvessa
  4343 | D:5      | Noticed Ijyb
  4370 | D:5      | Killed Ijyb
  4371 | D:5      | Reached skill level 10 in Fighting
  4719 | D:5      | Found Beog's Tremendous Tomes.
  5224 | D:6      | Noticed a boulder beetle
  5425 | D:6      | Killed a boulder beetle
  5426 | D:6      | Reached skill level 8 in Axes
  5426 | D:6      | Reached skill level 4 in Dodging
  5426 | D:6      | Reached XP level 9. HP: 65/101 MP: 9/9
  6147 | D:6      | Reached skill level 9 in Axes
  6769 | D:6      | Reached skill level 5 in Dodging
  7008 | D:7      | Found a sand-covered staircase.
  7016 | Ossuary  | Entered an ossuary
  7077 | Ossuary  | Reached **** piety under Trog
  7192 | Ossuary  | Noticed a silent spectre
  7318 | D:7      | Found a staircase to the Ecumenical Temple.
  7350 | D:7      | Reached skill level 6 in Dodging
  7375 | D:7      | Noticed paps's ghost (novice OpFi)
  7376 | D:7      | Found a transporter.
  7378 | D:7      | Found a transporter.
  7553 | D:7      | Reached skill level 10 in Axes
  8067 | D:8      | Reached XP level 10. HP: 106/110 MP: 10/10
  8273 | D:8      | Found a flagged portal.
  8282 | Bailey   | Entered a bailey
  8358 | Bailey   | Noticed an orc knight
  8360 | Bailey   | Noticed an orc knight
  8362 | Bailey   | Noticed an orc knight
  8405 | Bailey   | Killed an orc knight
  8406 | Bailey   | Reached skill level 7 in Dodging
  8760 | Bailey   | Killed an orc knight
  8761 | Bailey   | Reached skill level 11 in Axes
  8923 | Bailey   | Killed an orc knight
  8979 | Bailey   | Reached skill level 8 in Dodging
  9208 | D:8      | Found a staircase to the Lair.
  9421 | D:8      | Reached XP level 11. HP: 104/118 MP: 11/11
  9491 | D:8      | Reached skill level 12 in Axes
 10079 | D:9      | Reached ***** piety under Trog
 10224 | D:9      | Found a staircase to the Orcish Mines.
 10435 | D:9      | Reached skill level 9 in Dodging
 10450 | D:9      | Reached skill level 1 in Evocations
 10654 | D:10     | Entered Level 10 of the Dungeon
 10688 | D:10     | Noticed a two-headed ogre
 10704 | D:10     | Killed a two-headed ogre
 10854 | D:10     | Identified the +8 executioner's axe "Goit" {flame, rC+
                  | Str+2 Int-4} (Trog gifted it to you on level 10 of the
                  | Dungeon)
 10854 | D:10     | Received a gift from Trog
 10899 | D:10     | Reached skill level 2 in Evocations
 10942 | D:10     | Found an ancient bone altar of Kikubaaqudgha.
 11020 | D:10     | Noticed a two-headed ogre
 11027 | D:10     | Killed a two-headed ogre
 11028 | D:10     | Reached skill level 11 in Fighting
 11072 | D:10     | Noticed a soul eater
 11239 | D:10     | Noticed a two-headed ogre
 11247 | D:10     | Killed a two-headed ogre
 11248 | D:10     | Reached skill level 3 in Evocations
 11373 | D:10     | Found a sacrificial altar of Ru.
 11387 | D:10     | Found a stormy altar of Qazlal.
 11387 | D:10     | Found an ornate altar of the Wu Jian Council.
 11625 | Lair:1   | Entered Level 1 of the Lair of Beasts
 11657 | Lair:1   | Noticed a boulder beetle
 11678 | Lair:1   | Killed a boulder beetle
 11875 | Lair:1   | Reached XP level 12. HP: 70/132 MP: 12/12
 12053 | Lair:1   | Reached skill level 12 in Fighting
 12053 | Lair:1   | Reached skill level 10 in Dodging
 12063 | Lair:1   | Reached skill level 4 in Evocations
 12071 | Lair:1   | Reached skill level 13 in Axes
 12799 | Lair:2   | Noticed a six-headed hydra
 12803 | Lair:2   | Noticed dittoslash's ghost (journeyman TrFi)
 12804 | Lair:2   | Noticed a catoblepas
 12810 | Lair:2   | Noticed an eight-headed hydra
 12819 | Lair:2   | Killed a five-headed hydra
 13007 | Lair:2   | Reached skill level 5 in Evocations
 13023 | Lair:2   | Found a runed translucent gate.
 13023 | Lair:2   | Found a runed translucent gate.
 13023 | Lair:2   | Found a runed translucent gate.
 13027 | Lair:2   | Reached skill level 13 in Fighting
 13139 | Lair:2   | Noticed a death yak
 13152 | Lair:2   | Killed a death yak
 13187 | Lair:2   | Noticed Maggie
 13194 | Lair:2   | Killed Maggie
 13289 | Lair:2   | Noticed a seven-headed hydra
 13298 | Lair:2   | Reached skill level 6 in Evocations
 13321 | Lair:2   | Killed a four-headed hydra
 13322 | Lair:2   | Reached skill level 14 in Fighting
 13322 | Lair:2   | Reached skill level 14 in Axes
 13322 | Lair:2   | Reached XP level 13. HP: 114/146 MP: 13/13
 13790 | Lair:3   | Reached skill level 1 in Shields
 13939 | Lair:3   | Noticed Amaemon
 13949 | Lair:3   | Killed Amaemon
 13950 | Lair:3   | Reached skill level 2 in Shields
 13960 | Lair:3   | Received a gift from Trog
 14061 | Lair:3   | Found a frozen archway.
 14069 | Lair:3   | Reached skill level 3 in Shields
 14126 | IceCv    | Entered an ice cave
 14172 | IceCv    | Found a transporter.
 14185 | IceCv    | Found a transporter.
 14854 | Lair:3   | Reached skill level 15 in Fighting
 14854 | Lair:3   | Reached skill level 4 in Shields
 14927 | Lair:3   | Found a staircase to the Snake Pit.
 15144 | Lair:3   | Found a staircase to the Swamp.
 15843 | Lair:4   | Reached skill level 5 in Shields
 15943 | Lair:4   | Reached skill level 15 in Axes
 16051 | Lair:4   | Found a viscous altar of Jiyva.
 16052 | Lair:4   | Found a staircase to the Slime Pits.
 16056 | Lair:4   | Reached XP level 14. HP: 161/161 MP: 14/14
 16058 | Lair:4   | Reached skill level 16 in Fighting
 16058 | Lair:4   | Reached skill level 6 in Shields
 16116 | Lair:4   | Received a gift from Trog
 16508 | Lair:4   | Identified 3 scrolls of acquirement
 16508 | Lair:4   | Acquired the +5 robe "Anlol" {rC+ Regen+}
 16509 | Lair:4   | Acquired the +5 kite shield of Goweud {rPois Dex+2 Stlth-}
 16510 | Lair:4   | Acquired 856 gold pieces
 17066 | D:11     | Reached skill level 7 in Shields
 17446 | D:11     | Noticed Josephine
 17461 | D:11     | Killed Josephine
 17686 | D:11     | Found Wubuzych's CLEARANCE SALE!.
 17694 | D:11     | Bought a wand of iceblast (4) for 48 gold pieces
 17999 | D:12     | Reached skill level 17 in Fighting
 18177 | D:12     | Noticed Kirke
 18185 | D:12     | Reached skill level 8 in Shields
 18187 | D:12     | Reached skill level 16 in Axes
 18195 | D:12     | Killed Kirke
 18818 | Orc:1    | Entered Level 1 of the Orcish Mines
 18932 | Orc:2    | Entered Level 2 of the Orcish Mines
 19057 | Orc:2    | Identified the +1 broad axe "Orb Guardian's Regret" {flame,
                  | rN+ Will+} (Trog gifted it to you on level 2 of the Orcish
                  | Mines)
 19057 | Orc:2    | Received a gift from Trog
 19137 | Orc:1    | Noticed Urug
 19143 | Orc:1    | Killed Urug
 19154 | Orc:1    | Reached XP level 15. HP: 176/176 MP: 15/15
 19184 | Orc:1    | Noticed Fannar
 19207 | Orc:1    | Killed Fannar
 19263 | Orc:1    | Noticed an orc warlord
 19282 | Orc:1    | Reached skill level 9 in Shields
 19287 | Orc:1    | Killed an orc warlord
 19288 | Orc:1    | Reached skill level 18 in Fighting
 19445 | Orc:1    | Noticed Maurice
 19457 | Orc:1    | Something stole 2 throwing nets {!f}
 19464 | Orc:1    | Something stole a ring of protection from fire
 19465 | Orc:1    | Something stole a +4 war axe of flaming
 19482 | Orc:1    | Killed Maurice
 19674 | Orc:2    | Noticed an orc warlord
 19712 | Orc:2    | Killed an orc warlord
 19863 | Orc:2    | Received a gift from Trog
 19911 | Orc:2    | Found a staircase to the Elven Halls.
 20018 | Orc:2    | Found Laynuwn's Assorted Antiques.
 20023 | Orc:2    | Bought a glowing yellow potion for 23 gold pieces
 20023 | Orc:2    | Bought 2 smoky ruby potions for 46 gold pieces
 20023 | Orc:2    | Bought a scroll of identify for 52 gold pieces
 20091 | Orc:2    | Found Meyr's Armour Shop.
 20184 | Orc:2    | Noticed an orc warlord
 20205 | Orc:2    | Reached skill level 10 in Shields
 20207 | Orc:2    | Killed an orc warlord
 20282 | Orc:2    | Found Geukk's Antique Weapon Shoppe.
 20290 | Orc:2    | Reached skill level 17 in Axes
 20290 | Orc:2    | Found Piwidwoe's Antique Armour Emporium.
 20603 | D:7      | Killed paps's ghost
 20844 | D:13     | Reached skill level 1 in Throwing
 20900 | D:13     | Noticed Frances
 20916 | D:13     | Killed Frances
 21118 | D:13     | Reached skill level 2 in Throwing
 21159 | D:13     | Identified the +8 battleaxe of Superiority {heavy, *Noise
                  | rPois Str+3 Dex+3} (Trog gifted it to you on level 13 of
                  | the Dungeon)
 21159 | D:13     | Received a gift from Trog
 21316 | D:13     | Found the macabre finger necklace {Finger+ rN+}
 21329 | D:13     | Identified the staff of a Labyrinth {rF+ Dex+5 SInv Fire}
 21901 | D:14     | Noticed Lodul
 21930 | D:14     | Killed Lodul
 21931 | D:14     | Reached skill level 3 in Throwing
 22125 | D:14     | Reached skill level 11 in Shields
 22342 | D:14     | Identified the +11 orcbow "Yxtiupta" {freeze, rPois}
 22377 | D:14     | Reached XP level 16. HP: 185/185 MP: 16/16
 22391 | D:14     | Identified the +1 crystal plate armour of Uskayaw's
                  | Approval {Will++}
 22526 | D:14     | Found a gate to the Vaults.
 22660 | D:15     | Entered Level 15 of the Dungeon
 22665 | D:14     | Reached skill level 4 in Throwing
 22665 | D:14     | Reached skill level 7 in Evocations
 22763 | D:15     | Received a gift from Trog
 22818 | D:15     | Found an iron altar of Okawaru.
 22893 | D:15     | Noticed Agnes
 22906 | D:15     | Killed Agnes
 23154 | D:15     | Reached skill level 5 in Throwing
 23359 | D:15     | Identified the +1 pair of gloves of Dyhim {rC+}
 23627 | D:15     | Found a staircase to the Depths.
 23987 | Snake:1  | Entered Level 1 of the Snake Pit
 24018 | Snake:1  | Noticed Jorgrun
 24037 | Snake:1  | Killed Jorgrun
 24167 | Snake:1  | Reached skill level 18 in Axes
 24167 | Snake:1  | Reached skill level 6 in Throwing
 24178 | Snake:1  | Reached skill level 8 in Evocations
 24314 | Snake:1  | Reached skill level 12 in Shields
 24734 | Snake:2  | Found Uvvuh's Antique Armour Boutique.
 24830 | Snake:2  | Reached skill level 7 in Throwing
 24886 | Snake:2  | Found Vil Vol's Armour Emporium.
 24886 | Snake:2  | Found Hialamm's General Store.
 24887 | Snake:2  | Found Xeiseo's Book Shoppe.
 24895 | Snake:2  | Found Ohiufie's Jewellery Emporium.
 24909 | Snake:2  | Bought a scroll of teleportation for 54 gold pieces
 24975 | Snake:2  | Found Teul's Antique Weapon Boutique.
 25082 | Snake:2  | Reached ****** piety under Trog
 25094 | Snake:2  | Reached skill level 9 in Evocations
 25126 | Snake:2  | Received a gift from Trog
 25206 | Snake:2  | Reached skill level 8 in Throwing
 25206 | Snake:2  | Reached XP level 17. HP: 193/193 MP: 17/17
 25268 | Snake:2  | Reached skill level 9 in Throwing
 25509 | Snake:2  | Reached skill level 10 in Throwing
 25697 | Snake:2  | Found Icosch's General Store.
 25701 | Snake:2  | Bought a potion of curing for 45 gold pieces
 25701 | Snake:2  | Bought 3 boomerangs for 90 gold pieces
 26453 | Snake:3  | Reached skill level 11 in Throwing
 26478 | Snake:3  | Received a gift from Trog
 26673 | Snake:3  | Identified the +2 ring mail of the Wereyak {rElec rC+++
                  | Will- Int+4}
 26815 | Snake:3  | Reached skill level 12 in Throwing
 28259 | Snake:3  | Identified the +1 helmet "Otuwo" {+Blink rPois rF+}
 29447 | Snake:4  | Entered Level 4 of the Snake Pit
 29716 | Snake:4  | Reached skill level 19 in Fighting
 29716 | Snake:4  | Reached skill level 11 in Dodging
 29753 | Snake:4  | Reached XP level 18. HP: 153/208 MP: 18/18
 30181 | Snake:4  | Reached XP level 19. HP: 218/218 MP: 19/19
 30428 | Snake:4  | Reached skill level 20 in Fighting
 30433 | Snake:4  | Reached skill level 12 in Dodging
 30468 | Snake:4  | Got a serpentine rune of Zot
 30677 | Lair:3   | Upgraded the game from 0.31-a0-788-ga445dbd2db to
                  | 0.31-a0-799-g6bc09d010c
 30678 | Swamp:1  | Entered Level 1 of the Swamp
 31056 | Swamp:1  | Reached skill level 13 in Dodging
 31427 | Swamp:2  | Reached skill level 1 in Invocations
 31436 | Swamp:2  | Received a gift from Trog
 31533 | Swamp:2  | Reached skill level 2 in Invocations
 31577 | Swamp:2  | Identified the +5 quarterstaff "Qaupraan" {drain, rF+}
 31757 | Swamp:2  | Reached skill level 3 in Invocations
 31854 | Swamp:2  | Reached skill level 4 in Invocations
 32467 | Swamp:3  | Reached skill level 5 in Invocations
 32510 | Swamp:3  | Reached skill level 13 in Throwing
 32784 | Swamp:4  | Entered Level 4 of the Swamp
 32851 | Swamp:4  | Noticed Donald
 32858 | Swamp:4  | Reached skill level 6 in Invocations
 32863 | Swamp:4  | Killed Donald
 33096 | Swamp:4  | Reached skill level 7 in Invocations
 33375 | Swamp:4  | Reached XP level 20. HP: 221/228 MP: 25/25
 33397 | Swamp:4  | Reached skill level 8 in Invocations
 33409 | Swamp:4  | Reached skill level 14 in Throwing
 33450 | Swamp:4  | Received a gift from Trog
 33492 | Swamp:4  | Noticed Roxanne
 33701 | Swamp:4  | Killed Roxanne
 33945 | Swamp:4  | Noticed a bone dragon
 33972 | Swamp:4  | Killed a bone dragon
 33973 | Swamp:4  | Reached skill level 9 in Invocations
 34053 | Swamp:4  | Got a decaying rune of Zot
 34523 | Elf:1    | Entered Level 1 of the Elven Halls
 34657 | Elf:1    | Received a gift from Trog
 34990 | Elf:1    | Reached skill level 10 in Invocations
 35050 | Elf:1    | Found Lery's Antique Weapon Boutique.
 35218 | Elf:1    | Reached skill level 15 in Throwing
 35582 | Elf:2    | Found Rauvvu's Distillery.
 35585 | Elf:2    | Paralysed by an air elemental for 1 turns
 35590 | Elf:2    | Paralysed by an air elemental for 1 turns
 35687 | Elf:2    | Bought 2 potions of mutation for 240 gold pieces
 35690 | Elf:2    | Gained mutation: You are strong-willed. (Will+) [potion of
                  | mutation]
 35690 | Elf:2    | Gained mutation: You are weak. (Str -2) [potion of
                  | mutation]
 35690 | Elf:2    | Gained mutation: You have hidden genetic defects. [potion
                  | of mutation]
 35691 | Elf:2    | Lost mutation: You are weak. (Str -2) [potion of mutation]
 35691 | Elf:2    | Lost mutation: You are strong-willed. (Will+) [potion of
                  | mutation]
 35691 | Elf:2    | Gained mutation: You have a pair of small horns on your
                  | head. [potion of mutation]
 35691 | Elf:2    | Gained mutation: Your natural rate of healing is unusually
                  | fast. [potion of mutation]
 35691 | Elf:2    | Gained mutation: You have a pair of horns on your head.
                  | [potion of mutation]
 35703 | Elf:2    | Paralysed by an air elemental for 1 turns
 35707 | Elf:2    | Paralysed by an air elemental for 1 turns
 35881 | Elf:2    | Paralysed by an air elemental for 1 turns
 35882 | Elf:2    | Received a gift from Trog
 35925 | Elf:2    | Found a runed translucent gate.
 35928 | Elf:2    | Found a runed translucent gate.
 35928 | Elf:2    | Found a runed translucent gate.
 35960 | Elf:2    | Paralysed by an air elemental for 1 turns
 35998 | Elf:2    | Identified the +11 long sword "Stringbean" {holy, rPois}
 36015 | Elf:2    | Reached skill level 11 in Invocations
 36204 | Elf:3    | Entered Level 3 of the Elven Halls
 36363 | Elf:3    | Gained mutation: You occasionally lose the ability to drink
                  | potions when taking damage. [hidden defects]
 36367 | Elf:3    | Lost mutation: You have a pair of horns on your head.
                  | [potion of mutation]
 36367 | Elf:3    | Lost mutation: Your natural rate of healing is unusually
                  | fast. [potion of mutation]
 36367 | Elf:3    | Lost mutation: You have hidden genetic defects. [potion of
                  | mutation]
 36367 | Elf:3    | Gained mutation: You sometimes lose your temper in combat.
                  | [potion of mutation]
 36367 | Elf:3    | Gained mutation: Your magical capacity is low. (-10% MP)
                  | [potion of mutation]
 36367 | Elf:3    | Gained mutation: You are robust. (+10% HP) [potion of
                  | mutation]
 36368 | Elf:3    | Lost mutation: You sometimes lose your temper in combat.
                  | [potion of mutation]
 36368 | Elf:3    | Lost mutation: Your magical capacity is low. (-10% MP)
                  | [potion of mutation]
 36368 | Elf:3    | Lost mutation: You have a pair of small horns on your head.
                  | [potion of mutation]
 36368 | Elf:3    | Gained mutation: You are agile. (Dex +4, Str/Int -1)
                  | [potion of mutation]
 36368 | Elf:3    | Gained mutation: Your movements are slightly less
                  | encumbered by armour. (ER -2) [potion of mutation]
 36685 | Elf:3    | Received a gift from Trog
 36686 | Elf:3    | Reached skill level 12 in Invocations
 36781 | Elf:3    | Reached skill level 16 in Throwing
 37040 | Elf:3    | Found Curixkom's Jewellery Boutique.
 37040 | Elf:3    | Found Oni Luel's Book Shoppe.
 37041 | Elf:3    | Found Vulusesm's Book Shoppe.
 37049 | Elf:3    | Bought a +4 ring of protection for 648 gold pieces
 37057 | Elf:3    | Bought a manual of Shapeshifting for 1680 gold pieces
 37335 | Vaults:1 | Entered Level 1 of the Vaults
 37345 | Vaults:1 | Reached skill level 1 in Shapeshifting
 37353 | Vaults:1 | Reached skill level 2 in Shapeshifting
 37357 | Vaults:1 | Reached skill level 3 in Shapeshifting
 37362 | Vaults:1 | Reached XP level 21. HP: 192/260 MP: 30/30
 37393 | Vaults:1 | Found a magical portal.
 37404 | WizLab   | Entered The Roulette of Golubria
 37404 | WizLab   | Found a transporter.
 37407 | WizLab   | Found a corrupted altar of Lugonu.
 37417 | WizLab   | Reached skill level 4 in Shapeshifting
 37442 | WizLab   | Paralysed by an air elemental for 1 turns
 37475 | WizLab   | Found a transporter.
 37485 | WizLab   | Found a transporter.
 37485 | WizLab   | Found a transporter.
 37493 | WizLab   | Reached skill level 5 in Shapeshifting
 37529 | WizLab   | Found a transporter.
 37588 | WizLab   | Found a transporter.
 37771 | WizLab   | Found a transporter.
 37773 | WizLab   | Found a corrupted altar of Lugonu.
 37800 | WizLab   | Found a transporter.
 37872 | WizLab   | Found a transporter.
 37872 | WizLab   | Found a transporter.
 37966 | Abyss:2  | Cast into level 2 of the Abyss (a wizard)
 38082 | Abyss:2  | Reached skill level 6 in Shapeshifting
 38095 | Abyss:2  | Noticed a bone dragon
 38114 | Abyss:2  | Killed a bone dragon
 38115 | Abyss:2  | Reached skill level 7 in Shapeshifting
 38141 | Abyss:2  | Noticed a bone dragon
 38176 | Abyss:2  | Killed a bone dragon
 38206 | Abyss:2  | Found a corrupted altar of Lugonu.
 38279 | Abyss:2  | Reached skill level 8 in Shapeshifting
 38325 | Abyss:2  | Received a gift from Trog
 38394 | Abyss:2  | Paralysed by accursed screaming for 1 turns
 38396 | WizLab   | Escaped the Abyss
 38399 | WizLab   | Reached skill level 9 in Shapeshifting
 38481 | WizLab   | Found a transporter.
 38481 | WizLab   | Found a transporter.
 38528 | WizLab   | Identified the ring of Greater Demons {Fly rPois Int+3}
 38558 | WizLab   | Found a transporter.
 38585 | WizLab   | Identified the +0 cloak "Temil" {Dex+2}
 38597 | WizLab   | Identified the +0 cloak of Fulloph {rPois rF+ Dex-4 SInv}
 38598 | WizLab   | Identified the +1 cloak of Midwinter {rCorr SInv}
 38611 | WizLab   | Found a transporter.
 38611 | WizLab   | Found a transporter.
 38678 | WizLab   | Found a transporter.
 38678 | WizLab   | Found a transporter.
 38686 | WizLab   | Reached skill level 10 in Shapeshifting
 38736 | WizLab   | Found a transporter.
 38736 | WizLab   | Found a transporter.
 38760 | WizLab   | Found a transporter.
 38990 | Vaults:1 | Reached skill level 11 in Shapeshifting
 39174 | Vaults:1 | Paralysed by a formless jellyfish for 1 turns
 39329 | Vaults:1 | Reached skill level 12 in Shapeshifting
 39538 | Vaults:1 | Found Huxkiteu's General Store.
 39774 | Vaults:1 | Received a gift from Trog
 39852 | Vaults:1 | Reached skill level 13 in Shapeshifting
 40948 | Vaults:2 | Found Balae's Armour Emporium.
 41616 | Vaults:2 | Reached skill level 14 in Shapeshifting
 41815 | Vaults:3 | Reached XP level 22. HP: 271/271 MP: 31/31
 41820 | Vaults:3 | Received a gift from Trog
 41865 | Vaults:3 | Reached skill level 15 in Shapeshifting
 42458 | Vaults:3 | Found a staircase to the Crypt.
 42458 | Vaults:3 | Found an ancient bone altar of Kikubaaqudgha.
 42458 | Vaults:3 | Found a basalt altar of Yredelemnul.
 42800 | Vaults:3 | Reached skill level 16 in Shapeshifting
 42848 | Vaults:3 | Found the ring of the Hare {EV+10}
 43107 | Vaults:4 | Received a gift from Trog
 43249 | Vaults:4 | Found a crumbling gateway.
 43251 | Vaults:4 | Found a glowing golden altar of the Shining One.
 43251 | Vaults:4 | Found a glowing silver altar of Zin.
 43251 | Vaults:4 | Found a white marble altar of Elyvilon.
 43261 | Desolati | Entered the Desolation of Salt
 43393 | Desolati | Identified the ring "Asahaust" {Wiz Slay+3}
 43405 | Desolati | Identified the +10 long sword "Iriddas" {venom, rElec Dex+2
                  | Stlth+}
 43551 | Desolati | Identified the +7 fire dragon scales of Liplenez {Contam
                  | rPois rF++ rC- Will++ rCorr}
 43564 | Desolati | Identified the +9 broad axe "Jiery" {heavy, Dex+6 Stlth+}
                  | (Trog gifted it to you in the Desolation of Salt)
 43564 | Desolati | Received a gift from Trog
 43578 | Desolati | Reached skill level 13 in Shields
 43693 | Desolati | Identified the ring "Utidekk" {rPois rF+}
 43697 | Desolati | Identified the amulet "Ref Jexo" {Acrobat rF+ Regen+}
 43794 | Desolati | Identified the ring of the Median {rPois rN+ Int+3 Dex-4}
 44020 | Vaults:4 | Found Kagresm's Weapon Shop.
 44074 | Vaults:4 | Reached XP level 23. HP: 283/283 MP: 32/32
 44120 | Vaults:4 | Reached skill level 17 in Shapeshifting
 44212 | Vaults:4 | Received a gift from Trog
 44837 | Vaults:4 | Reached skill level 14 in Shields
 45380 | Elf:3    | Identified the +6 battleaxe "Luotofa" {antimagic, Str+2
                  | Int+2}
 45386 | Elf:3    | Identified the +5 battleaxe "Ekec" {drain, Contam rCorr
                  | Int+6}
 45506 | Elf:3    | Identified the staff "Huitonen" {rF+ Int+7 Dex-5 Stlth+
                  | Tloc Fire}
 45590 | Elf:3    | Identified the +7 longbow "Ciwon" {flame, rElec rF- Will+
                  | Str+3 Stlth+}
 45972 | Crypt:1  | Entered Level 1 of the Crypt
 46089 | Crypt:1  | Reached skill level 13 in Invocations
 46095 | Crypt:1  | Noticed an ancient lich
 46095 | Crypt:1  | Noticed an ancient lich
 46110 | Crypt:1  | Killed an ancient lich
 46110 | Crypt:1  | Identified the +12 broad axe of Blood-Lust {flame, *Rage
                  | rElec Str+9} (Trog gifted it to you on level 1 of the
                  | Crypt)
 46110 | Crypt:1  | Received a gift from Trog
 46121 | Crypt:1  | Killed an ancient lich
 46331 | Crypt:1  | Reached skill level 15 in Shields
 46391 | Crypt:1  | Reached skill level 18 in Shapeshifting
 46600 | Crypt:1  | Reached skill level 14 in Invocations
 46693 | Crypt:1  | Received a gift from Trog
 47102 | Crypt:2  | Noticed Mennas
 47128 | Crypt:2  | Killed Mennas
 47129 | Crypt:2  | Reached XP level 24. HP: 293/293 MP: 33/33
 47798 | Crypt:3  | Entered Level 3 of the Crypt
 47808 | Crypt:3  | Reached skill level 15 in Invocations
 47865 | Crypt:3  | Received a gift from Trog
 47873 | Crypt:3  | Noticed Boris
 47885 | Crypt:3  | Noticed Grunn
 47899 | Crypt:3  | Killed Boris
 47905 | Crypt:3  | Killed Grunn
 47943 | Crypt:3  | Found an ancient bone altar of Kikubaaqudgha.
 47985 | Crypt:3  | Reached skill level 19 in Shapeshifting
 48094 | Crypt:3  | Reached skill level 16 in Invocations
 48099 | Crypt:3  | Received a gift from Trog
 48321 | Crypt:3  | Identified the ring "Cyibar" {rN+ Int-4 Dex+5}
 48321 | Crypt:3  | Identified the ring "Defasire" {rN+ Int+6 Stlth+}
 48458 | Crypt:3  | Identified the +2 robe of the Watchman {-Tele rC+ Regen+
                  | Int+3}
 49269 | Crypt:3  | Found a staircase to the Tomb.
 50187 | Depths:1 | Entered Level 1 of the Depths
 50197 | Depths:1 | Noticed Boris
 50222 | Depths:1 | Killed Boris
 50490 | Depths:1 | Reached skill level 17 in Invocations
 50549 | Depths:1 | Received a gift from Trog
 50605 | Depths:1 | Noticed a shard shrike
 50627 | Depths:1 | Killed a shard shrike
 50652 | Depths:1 | Noticed a shard shrike
 50661 | Depths:1 | Killed a shard shrike
 50662 | Depths:1 | Reached skill level 20 in Shapeshifting
 50671 | Depths:1 | Reached XP level 25. HP: 303/303 MP: 35/35
 50830 | Depths:1 | Found a gateway to Hell.
 50879 | Depths:1 | Noticed Mara
 50880 | Depths:1 | Noticed EnegeticOcto's illusion
 50925 | Depths:1 | Noticed EnegeticOcto's illusion
 50932 | Depths:1 | Noticed EnegeticOcto's illusion
 50935 | Depths:1 | Killed Mara
 51138 | Depths:1 | Reached skill level 18 in Invocations
 51252 | Depths:2 | Found a one-way gate to the infinite horrors of the Abyss.
 51281 | Depths:2 | Received a gift from Trog
 51353 | Depths:2 | Reached skill level 19 in Invocations
 51409 | Depths:2 | Found a one-way gate leading to the halls of Pandemonium.
 51568 | Depths:2 | Found a white marble altar of Elyvilon.
 51753 | Depths:2 | Received a gift from Trog
 52058 | Depths:3 | Reached skill level 20 in Invocations
 52161 | Depths:3 | Found a transporter.
 52198 | Depths:3 | Found Nosiumur's Book Shop.
 52226 | Depths:3 | You fall into a shaft and drop 1 floor!
 52226 | Depths:4 | Entered Level 4 of the Depths
 52370 | Depths:4 | Reached skill level 21 in Invocations
 52501 | Depths:4 | Identified the +3 great sword of Classification {spect,
                  | rPois rC- Int+3 Dex+6}
 52634 | Depths:4 | Received a gift from Trog
 52730 | Depths:4 | Found a one-way gateway to a ziggurat.
 52800 | Depths:4 | Found a portal to a secret trove of treasure.
 52846 | Depths:4 | Found a runed translucent gate.
 52846 | Depths:4 | Found a runed translucent gate.
 52846 | Depths:4 | Found a runed translucent gate.
 52846 | Depths:4 | Found an opulent altar of Gozag.
 52846 | Depths:4 | Noticed niknal's ghost (veteran TeWr)
 52849 | Depths:4 | Found Foluefu's Assorted Antiques.
 53052 | Depths:4 | Reached XP level 26. HP: 314/314 MP: 37/37
 53107 | Depths:4 | Found a gate to the Realm of Zot.
 53728 | Depths:3 | Found a shimmering blue altar of Sif Muna.
 53740 | Depths:3 | Found a transporter.
 53867 | Depths:3 | Identified the +5 spear of Imminent Death {flame, rF+ rC-
                  | Str+5} (Trog gifted it to you on level 3 of the Depths)
 53867 | Depths:3 | Received a gift from Trog
 53935 | Depths:3 | Found a glowing golden altar of the Shining One.
 53935 | Depths:3 | Found a glowing silver altar of Zin.
 53936 | Depths:3 | Found a white marble altar of Elyvilon.
 54385 | Vaults:5 | Entered Level 5 of the Vaults
 54385 | Vaults:5 | Found the +8 autumn katana {manifold assault}
 54454 | Vaults:5 | Identified the +4 battleaxe "Akludes" {heavy, Fly Int+2}
 54542 | Vaults:5 | Reached skill level 14 in Dodging
 54544 | Vaults:5 | Identified the +5 scale mail of Music {rPois Int-2 Dex+3}
 54548 | Vaults:5 | Reached skill level 16 in Shields
 54713 | Vaults:5 | Reached skill level 19 in Axes
 54790 | Vaults:5 | Received a gift from Trog
 54808 | Vaults:5 | Identified the +7 giant club "Luschago" {heavy, Stlth+}
 54875 | Vaults:5 | Noticed Boris
 54891 | Vaults:5 | Killed Boris
 54909 | Vaults:5 | Identified the +5 flail "Newtbane" {freeze, rF+}
 54934 | Vaults:5 | Identified the +11 short sword of Lies {holy, *Rage rElec
                  | rN+}
 55021 | Vaults:5 | Identified the +5 hand cannon "Usiff" {heavy, Str-4 Dex+3}
 55067 | Vaults:5 | Identified the +9 flail of Moadd {holy, rElec Str-2 Int+2}
 55175 | Vaults:5 | Identified the +0 robe "Loaczaat" {Will+ Archmagi}
 55394 | Vaults:5 | Got a silver rune of Zot
 56502 | Zot:1    | Entered Level 1 of the Realm of Zot
 56706 | Zot:2    | Reached skill level 15 in Dodging
 56874 | Zot:2    | Reached XP level 27. HP: 324/324 MP: 37/37
 56924 | Zot:2    | Reached skill level 17 in Shields
 57100 | Zot:2    | Received a gift from Trog
 57216 | Zot:3    | Noticed Vv
 57216 | Zot:3    | Noticed an orb of fire
 57226 | Zot:2    | Killed Vv
 57260 | Zot:3    | Gained mutation: Your body sometimes deteriorates upon
                  | taking damage. [an orb of fire]
 57270 | Zot:3    | Gained mutation: Armour fits poorly on your strangely
                  | shaped body. [an orb of fire]
 57272 | Zot:3    | Killed an orb of fire
 57551 | Zot:5    | Entered Level 5 of the Realm of Zot
 57648 | Zot:5    | Reached skill level 16 in Dodging
 57667 | Zot:5    | Reached skill level 20 in Axes
 57932 | Zot:3    | You fall into a shaft and drop 1 floor!
 58242 | Zot:5    | Noticed a dread lich
 58244 | Zot:5    | Noticed a dread lich
 58252 | Zot:5    | Killed a dread lich
 58260 | Zot:5    | Killed a dread lich
 58373 | Zot:5    | Reached skill level 17 in Dodging
 58424 | Zot:5    | Noticed an ancient lich
 58429 | Zot:5    | Noticed a dread lich
 58434 | Zot:5    | Paralysed by something for 3 turns
 58439 | Zot:5    | Killed an ancient lich
 58440 | Zot:5    | Reached skill level 18 in Shields
 58441 | Zot:5    | Received a gift from Trog
 58447 | Zot:5    | Killed a dread lich
 58723 | Zot:5    | Noticed an ancient lich
 58731 | Zot:5    | Noticed an orb of fire
 58744 | Zot:5    | Gained mutation: You occasionally lose the ability to read
                  | scrolls when taking damage. [an orb of fire]
 58749 | Zot:5    | Killed an ancient lich
 58751 | Zot:5    | Gained mutation: You have hidden genetic defects. [an orb
                  | of fire]
 58755 | Zot:5    | Noticed an orb of fire
 58756 | Zot:5    | Gained mutation: You are dopey. (Int -2) [an orb of fire]
 58757 | Zot:5    | Gained mutation: Potions are less effective at restoring
                  | your health. [an orb of fire]
 58757 | Zot:5    | Gained mutation: You are vulnerable to cold. (rC-) [an orb
                  | of fire]
 58760 | Zot:5    | Killed an orb of fire
 58761 | Zot:5    | Reached skill level 18 in Dodging
 58772 | Zot:5    | Gained mutation: You are weak. (Str -2) [an orb of fire]
 58775 | Zot:5    | Killed an orb of fire
 58789 | Zot:5    | Lost mutation: You occasionally lose the ability to drink
                  | potions when taking damage. [potion of mutation]
 58789 | Zot:5    | Lost mutation: You are vulnerable to cold. (rC-) [potion of
                  | mutation]
 58789 | Zot:5    | Gained mutation: You have large cloven feet. [potion of
                  | mutation]
 58789 | Zot:5    | Gained mutation: You passively map a small area around you.
                  | [potion of mutation]
 58790 | Zot:5    | Lost mutation: You are weak. (Str -2) [potion of mutation]
 58790 | Zot:5    | Lost mutation: You are agile. (Dex +4, Str/Int -1) [potion
                  | of mutation]
 58790 | Zot:5    | Lost mutation: You occasionally lose the ability to read
                  | scrolls when taking damage. [potion of mutation]
 58790 | Zot:5    | Gained mutation: Your flesh is cold resistant. (rC+)
                  | [potion of mutation]
 58790 | Zot:5    | Gained mutation: Your flesh is very cold resistant. (rC++)
                  | [potion of mutation]
 59184 | Zot:5    | Reached skill level 19 in Shields
 59205 | Zot:5    | Noticed an orb of fire
 59207 | Zot:5    | Noticed an ancient lich
 59213 | Zot:5    | Lost mutation: You are robust. (+10% HP) [hidden defects]
 59221 | Zot:5    | Killed an ancient lich
 59222 | Zot:5    | Gained mutation: You are occasionally teleported next to
                  | monsters. [an orb of fire]
 59223 | Zot:5    | Killed an orb of fire
 59237 | Zot:5    | Noticed a dread lich
 59248 | Zot:5    | Killed a dread lich
 59297 | Zot:5    | Noticed an ancient lich
 59309 | Zot:5    | Reached skill level 19 in Dodging
 59311 | Zot:5    | Killed an ancient lich
 59506 | Zot:5    | Got the Orb of Zot
 59527 | Zot:4    | Lost mutation: You are occasionally teleported next to
                  | monsters. [potion of mutation]
 59527 | Zot:4    | Lost mutation: Armour fits poorly on your strangely shaped
                  | body. [potion of mutation]
 59527 | Zot:4    | Lost mutation: Your movements are slightly less encumbered
                  | by armour. (ER -2) [potion of mutation]
 59527 | Zot:4    | Gained mutation: You sometimes lose your temper in combat.
                  | [potion of mutation]
 59527 | Zot:4    | Lost mutation: You are dopey. (Int -2) [potion of mutation]
 59553 | Zot:4    | Lost mutation: You have hidden genetic defects. [potion of
                  | mutation]
 59553 | Zot:4    | Lost mutation: Potions are less effective at restoring your
                  | health. [potion of mutation]
 59553 | Zot:4    | Gained mutation: You have an uncontrollable temper. [potion
                  | of mutation]
 59553 | Zot:4    | Gained mutation: Your spells are a little harder to cast,
                  | but a little more powerful. [potion of mutation]
 59553 | Zot:4    | Gained mutation: You have hidden genetic potential. [potion
                  | of mutation]
 59554 | Zot:4    | Lost mutation: You have hidden genetic potential. [potion
                  | of mutation]
 59554 | Zot:4    | Lost mutation: Your spells are a little harder to cast, but
                  | a little more powerful. [potion of mutation]
 59554 | Zot:4    | Gained mutation: You have sharp fingernails. [potion of
                  | mutation]
 59555 | Zot:4    | Lost mutation: Your flesh is very cold resistant. (rC++)
                  | [potion of mutation]
 59555 | Zot:4    | Lost mutation: You have an uncontrollable temper. [potion
                  | of mutation]
 59555 | Zot:4    | Gained mutation: You have supernaturally acute eyesight.
                  | (SInv) [potion of mutation]
 59556 | Zot:4    | Lost mutation: Your body sometimes deteriorates upon taking
                  | damage. [potion of mutation]
 59556 | Zot:4    | Lost mutation: Your flesh is cold resistant. (rC+) [potion
                  | of mutation]
 59556 | Zot:4    | Gained mutation: You are occasionally teleported next to
                  | monsters. [potion of mutation]
 59557 | Zot:4    | Lost mutation: You sometimes lose your temper in combat.
                  | [potion of mutation]
 59557 | Zot:4    | Lost mutation: You have large cloven feet. [potion of
                  | mutation]
 59557 | Zot:4    | Lost mutation: You passively map a small area around you.
                  | [potion of mutation]
 59557 | Zot:4    | Lost mutation: You are occasionally teleported next to
                  | monsters. [potion of mutation]
 59557 | Zot:4    | Gained mutation: You have very sharp teeth. [potion of
                  | mutation]
 59557 | Zot:4    | Lost mutation: You have very sharp teeth. [potion of
                  | mutation]
 59869 | Depths:1 | Received a gift from Trog
 59927 | D:13     | Reached skill level 20 in Shields
 60162 | D:$      | Escaped with the Orb!

Illustrated notes

Levels and vault maps discovered:
D:1:      minmay_arrival_semitransparent, layout_loops_cross
D:2:      layout_basic
D:3:      layout_loops_corners, kennysheep_slug_shrine, guppyfry_early_orc_mine,
          uniq_jessica, uniq_grinder, uniq_terence
D:4:      layout_cave_pods, nicolae_hepliaklqana_monster_ancestors,
          zin_scriptorium
D:5:      layout_basic, nicolae_shop_i_like_big_books, chequers_jeans,
          uniq_duvessa, uniq_ijyb
D:6:      layout_basic
D:7:      layout_basic, minmay_temple_entry_arrows, gammafunk_ghost_arena,
          nicolae_ossuary_entry_monument
D:8:      layout_basic, erik_lair_island, enter_bailey_3
D:9:      layout_basic, orc_0_dummy
D:10:     wander_kiku_kobolds, layout_cave_pools,
          nicolae_overflow_two_pavilions, nicolae_ru_path_of_blood, special_room
          [special_room_orc]
D:11:     layout_stronghold, nicolae_shop_clearance, uniq_josephine
D:12:     layout_cross, uniq_kirke
D:13:     layout_basic, serial_aquarium, aquarium_bridge_straight
          [aquarium_subvault_bridge, aquarium_subvault_wall,
          aquarium_subvault_bridge, aquarium_subvault_window],
          aquarium_window_corridor_3, aquarium_window_1, aquarium_window_2,
          aquarium_window_1, aquarium_view_2a, aquarium_view_2e,
          lemuel_freeze_loot_1, uniq_frances
D:14:     layout_irregular_city, hangedman_vaults_entry_quadrant_bands,
          serial_park_paths [serial_park_minivault_5x5_2],
          kennysheep_inner_square, uniq_lodul
D:15:     hangedman_depths_entry_civil_slaughter, layout_small_grid,
          serial_demonic, serial_demonic_a, serial_demonic_a, serial_demonic_c,
          serial_demonic_e, serial_demonic_f, serial_demonic_c,
          serial_demonic_g, okawaru_gym_becter, uniq_agnes
Lair:1:   layout_regular_city
Lair:2:   layout_hall_layers, gammafunk_ghost_split, nzn_random_ring,
          serial_bayou_shore_a, uniq_maggie
Lair:3:   layout_regular_city, palyth_hydra_swamp_entry,
          alex1729_snake_entry_snake, portal_ice_cave_demonic_guard,
          grunt_megastairs_2, infiniplex_staircase_pool, uniq_amaemon
Lair:4:   layout_loops_ring, nicolae_slime_entry_field_trip, grunt_megastairs_5
Swamp:1:  layout_basic_swamp, nicolae_swamp_round_clearing
Swamp:2:  nzn_winding_woodlands_three_and_one
          [nzn_winding_woodlands_5x15_garden, nzn_winding_woodlands_5x15_cabin,
          nzn_winding_woodlands_5x15_pathside_ponds,
          nzn_winding_woodlands_center_lodge], layout_falls_marsh,
          evilmike_swamp_ruin_house_3, swamp_pool2,
          nicolae_swamp_alligator_family
Swamp:3:  layout_basic_swamp, infiniplex_staircase_pool_2
Swamp:4:  swamp_pestilence, layout_basic_swamp, swamp_pool1, uniq_roxanne,
          uniq_donald
Snake:1:  layout_layer_cave, uniq_jorgrun
Snake:2:  layout_chambers, serial_shops, nicolae_shop_back_alley_shop,
          nicolae_shop_overgrown_old_shop, shop_statue,
          nicolae_snake_slithery_corners, serial_bayou_pond_d,
          hangedman_snake_sidewinding, minmay_shoptagon
Snake:3:  layout_layer_cave
Snake:4:  grunt_snake_rune_pools, layout_misc_corridors
Orc:1:    layout_caves, basic_altar, uniq_urug, uniq_fannar, uniq_maurice
Orc:2:    grunt_orc_community_town_hall, layout_caves,
          grunt_orc_community_big_house_2, grunt_orc_community_big_house_2,
          grunt_orc_community_house_3, grunt_orc_community_house_2,
          grunt_orc_community_house_2, grunt_orc_community_house_3
Elf:1:    eino_elf_arrival_customs, layout_geoelf_diagonals, serial_shops,
          shop_statue, minmay_elf_sorcery, drop_trap
Elf:2:    elven_hall_of_blades_hangedman_original [nicolae_blade_tridents],
          layout_geoelf_octagon, serial_shops, shop
Elf:3:    elf_hall_gauntlet_wide, layout_geoelf_octagon,
          minmay_the_grid_square_5x5_3x3_mashed
          [minmay_the_grid_square_5x5_two_walls_b,
          minmay_the_grid_square_5x5_checkered_statues,
          minmay_the_grid_square_5x5_mess, minmay_the_grid_square_5x5_bracketed,
          minmay_the_grid_square_5x5_megaprize_hollow,
          minmay_the_grid_square_5x5_forky, minmay_the_grid_square_5x5_longway,
          minmay_the_grid_square_5x5_half_checkered,
          minmay_the_grid_square_5x5_two], minmay_shop_grove
Vaults:1: mu_enter_wizlab_5, hangedman_vaults_nails, vaults_room_pools,
          vaults_standard_mumra_lines, grunt_vaults_diagonal,
          ontoclasm_vaults_chip, hangedman_vaults_hat,
          ontoclasm_vaults_decontamination, vaults_dpeg_emergency_exit,
          v_misc_27, nicolae_vaults_variable_pillar_hall,
          layout_vaults_omnicross, serial_shops, nicolae_shop_hallway_stairs
Vaults:2: ontoclasm_vaults_bender, nicolae_vaults_specimen_jars,
          v_alt_pattern_6, vaults_room_fancy_cross, v_misc_24,
          nicolae_vaults_little_squares_6, nicolae_vaults_tetromino_L_2,
          nicolae_vaults_door_testing_chamber, layout_vaults_omnigrid,
          serial_shops, nicolae_shop_gibbet_a_chance
Vaults:3: nicolae_vaults_mush_room, ontoclasm_vaults_spin,
          vaults_mumra_chevron_long, vaults_mumra_minichess_inversion,
          nicolae_vaults_stairing_the_circle, nicolae_vaults_diagonal_hallway_9,
          nicolae_vaults_puzzle_piece, minmay_crypt_entry_necro_gods,
          vaults_room_corners, vaults_dpeg_doors,
          nicolae_vaults_offset_grid_hallway_3, nicolae_vaults_rhombus_5,
          nicolae_vaults_trapezoid_layered, v_misc_8, vaults_room_grid,
          ontoclasm_vaults_eye, layout_vaults_omnibox
Vaults:4: portal_desolation_entry_holy_temple, nicolae_vaults_inception_statues,
          nicolae_vaults_ellipses_ellipsis,
          nicolae_vaults_taking_the_gang_shopping, st_lattice,
          nicolae_vaults_trapezoid_lopsided_2, nicolae_vaults_more_shelving_2,
          nicolae_vaults_stepped_doors, hangedman_vaults_slice,
          nicolae_vaults_apartment_2, nicolae_vaults_prndl, v_misc_30,
          layout_vaults_maze_snakey
Vaults:5
Crypt:1:  grunt_deathspiral_small, layout_misc_corridors,
          grunt_crypt_arrival_webbed
Crypt:2:  layout_basic, uniq_mennas
Crypt:3:  grunt_crypt_end_deaths_head, uniq_boris, uniq_grunn
Depths:1: layout_cave_pools, grunt_hell_entry_dis_mu,
          dilly_guarded_unrand_elemental_staff, uniq_mara
Depths:2: hangedman_screamer, layout_basic, pan_entry, abyss_entry, hell_entry,
          elyvilon_altar_4, infiniplex_staircase_spiral_double
Depths:3: gammafunk_sealed_arena, layout_cave_pools, led_sif_pool, serial_shops,
          shop, minmay_room_of_horrors, hell_entry, hallowed_hall
Depths:4: lemuel_castle_with_subvaults [lemuel_castle_interior_carwin_1],
          layout_gridville, enter_ziggurat_d, nicolae_trove_entry_crossroad,
          lightli_too_deep, ebering_ghost_gozag, infiniplex_staircase_pool_lava
Zot:1:    layout_basic, grunt_megastairs_3
Zot:2:    layout_gridville, gammafunk_ghost_berserking_beasts
Zot:3:    layout_onion_interference, uniq_vv, uniq_josephina
Zot:4:    layout_gridlike, lemuel_elevator
Zot:5:    layout_onion

Skill      XL: |  1  2  3  4  5  6  7  8  9 10 11 12 13 14 15 16 17 18 19 20 21 22 23 24 25 26 27 |
---------------+----------------------------------------------------------------------------------+-----
Stealth        | 1 2 |  2.0
Fighting       | 6 7 8 10 11 14 15 17 18 19 20 | 20.9
Axes           | 4 5 6 8 10 11 12 14 15 16 17 18 19 20 | 20.0
Dodging        | 4 6 8 9 10 11 13 15 19 | 19.4
Evocations     | 3 6 9 |  9.0
Shields        | 5 8 11 12 13 15 16 20 | 20.0
Throwing       | 3 8 12 13 16 | 16.0
Invocations    | 7 12 14 17 21 | 21.0
Shapeshifting  | 3 14 16 18 20 | 20.9

Action                     |  1- 3 |  4- 6 |  7- 9 | 10-12 | 13-15 | 16-18 | 19-21 | 22-24 | 25-27 || total
---------------------------+-------+-------+-------+-------+-------+-------+-------+-------+-------++-------
  Melee: Hand axe          |   121 |   100 |   136 |   301 |       |       |       |       |       ||   658
         War axe           |       |    28 |   141 |       |    57 |       |    28 |       |       ||   254
         Punch             |       |     1 |     3 |     5 |       |       |       |       |       ||     9
         Executioner's axe |       |       |       |   219 |       |       |       |       |       ||   219
         Broad axe         |       |       |       |       |   866 |   706 |  1380 |  1460 |  1810 ||  6222
         Unarmed           |       |       |       |       |     3 |       |       |       |       ||     3
         Headbutt          |       |       |       |       |       |       |    16 |       |       ||    16
         Kick              |       |       |       |       |       |       |       |       |    60 ||    60
  Throw: Dart              |       |       |     2 |     2 |       |       |       |       |       ||     4
         Boomerang         |       |       |       |    11 |       |    19 |    48 |     9 |    10 ||    97
         Javelin           |       |       |       |       |       |       |     6 |       |       ||     6
 Invoke: Berserk           |       |     2 |     6 |     4 |    10 |     4 |     5 |     2 |     6 ||    39
         Trog's Hand       |       |     1 |     1 |       |     6 |     3 |    12 |    10 |    15 ||    48
         Brothers in Arms  |       |       |       |       |       |       |     1 |       |       ||     1
  Evoke: Wand              |       |       |     2 |       |       |       |     9 |       |     3 ||    14
         Sack of spiders   |       |       |       |       |       |     1 |     1 |     1 |     1 ||     4
         Phial of floods   |       |       |       |       |       |     1 |       |     1 |       ||     2
         Lightning rod     |       |       |       |       |       |       |     7 |       |       ||     7
         Tin of tremorston |       |       |       |       |       |       |       |     1 |       ||     1
    Use: Scroll            |     4 |     1 |     5 |     2 |    21 |    10 |     6 |     5 |    12 ||    66
         Potion            |       |       |     1 |       |       |     1 |     5 |     3 |    17 ||    27
   Stab: Sleeping          |     2 |     4 |     3 |     2 |     1 |     2 |       |     1 |       ||    15
         Distracted        |       |       |       |     1 |       |     1 |     1 |     2 |     1 ||     6
         Confused          |       |       |       |       |       |       |       |       |     1 ||     1
         Invisible         |       |       |       |       |       |       |       |       |     1 ||     1
 Armour: Animal skin       |    87 |    72 |   156 |    12 |       |       |       |       |       ||   327
         Troll leather arm |       |       |       |   207 |   142 |       |       |       |       ||   349
         Robe              |       |       |       |       |   156 |   207 |   514 |       |       ||   877
         Skin              |       |       |       |       |     2 |       |    39 |   705 |   977 ||  1723
  Dodge: Dodged            |    59 |    58 |   164 |   326 |   320 |   284 |   730 |  1403 |  1644 ||  4988
  Block: Other             |       |       |    11 |    96 |       |       |       |       |       ||   107
         Reflection        |       |       |       |    11 |    29 |       |       |       |       ||    40
         Tower shield      |       |       |       |       |   260 |       |       |       |       ||   260
         Kite shield       |       |       |       |       |   492 |   561 |  1010 |  1607 |  1830 ||  5500
   Form: Statue            |       |       |       |       |       |       |     1 |       |       ||     1

Table legend: (Time is in decaauts)
 A = Elapsed time spent in this place.
 B = Non-inter-level travel time spent in this place.
 C = Inter-level travel time spent in this place.
 D = Time resting spent in this place.
 E = Time spent auto-exploring this place.
 F = Levels seen in this place.
 G = Mean time per level.
                   A        B        C        D        E       F      G
               +--------+--------+--------+--------+--------+-----+--------+
         Total |  68723 |  59988 |   8735 |   7572 |  36177 |  55 | 1249.5 |
       Dungeon |  18178 |  14550 |   3628 |   1400 |   9951 |  15 | 1211.9 |
          Lair |   6368 |   4952 |   1416 |    844 |   2849 |   4 | 1592.0 |
         Swamp |   3909 |   3400 |    509 |    400 |   2112 |   4 |  977.2 |
     Snake Pit |   6516 |   6283 |    233 |    456 |   4950 |   4 | 1629.0 |
  Orcish Mines |   1805 |   1631 |    174 |    210 |    886 |   2 |  902.5 |
   Elven Halls |   3608 |   3021 |    587 |    419 |   1721 |   3 | 1202.7 |
        Vaults |   8971 |   7973 |    998 |    248 |   5805 |   5 | 1794.2 |
         Crypt |   5164 |   4839 |    325 |    802 |   2544 |   3 | 1721.3 |
        Depths |   6105 |   5432 |    673 |     36 |   3651 |   4 | 1526.2 |
           Zot |   4565 |   4378 |    187 |   2318 |    390 |   5 |  913.0 |
         Abyss |    401 |    401 |      0 |     40 |     14 |   1 |  401.0 |
       Ossuary |    224 |    224 |      0 |     23 |     35 |   1 |  224.0 |
        Bailey |    802 |    802 |      0 |    242 |    185 |   1 |  802.0 |
      Ice Cave |     84 |     84 |      0 |     31 |      0 |   1 |   84.0 |
        Wizlab |    986 |    986 |      0 |     41 |    610 |   1 |  986.0 |
    Desolation |   1028 |   1028 |      0 |     58 |    472 |   1 | 1028.0 |
               +--------+--------+--------+--------+--------+-----+--------+

Top non-repeatable levels by time:
 Snake:3: 3454 daAuts
   Zot:5: 2505 daAuts
 Crypt:3: 2460 daAuts
Vaults:3: 2301 daAuts
  Lair:3: 2276 daAuts
Depths:4: 2171 daAuts
Vaults:5: 1943 daAuts
Vaults:4: 1738 daAuts
     D:6: 1718 daAuts
 Snake:2: 1612 daAuts
Vaults:2: 1575 daAuts
 Crypt:1: 1558 daAuts
    D:14: 1495 daAuts
  Lair:2: 1495 daAuts
   Elf:1: 1432 daAuts
